 Dungeon Crawl Stone Soup version 0.28.0-45-g0d030f2227 (webtiles) character file.

Game seed: 17043263854186050340

18 zeratav the Insei (level 2, 0/18 HPs)
             Began as an Octopode Transmuter on Apr 9, 2022.
             Constricted to death by a ball python (1 damage)
             ... on level 1 of the Dungeon.
             The game lasted 00:01:08 (516 turns).

zeratav the Insei (Octopode Transmuter)              Turns: 516, Time: 00:01:09

Health: 0/18       AC:  1    Str:  9    XL:     2   Next: 66%
Magic:  5/5        EV: 10    Int: 15    God:
Gold:   28         SH:  0    Dex: 12    Spells: 4/5 levels left

rFire   . . .      SeeInvis .     - Unarmed
rCold   . . .      Faith    .   (no shield)
rNeg    . . .      Spirit   .   (helmet currently unavailable)
rPois   +          Reflect  .   a - amulet of magic regeneration {@e2}
rElec   .          Harm     .   b - ring of poison resistance
rCorr   .          Rampage  .   (no ring)
Will    .....                   (no ring)
Stlth   +++.......              (no ring)
HPRegen 0.06/turn               (no ring)
MPRegen 0.49/turn               (no ring)
                                (no ring)
                                (no ring)

@: appendages, constricted
A: tentacle spike 3, almost no armour, amphibious, 8 rings, camouflage 1,
gelatinous body 1, (nimble swimmer 1), tentacles
a: End Transformation


You were on level 1 of the Dungeon.
One of your tentacles had grown a beastly spike.
You visited 1 branch of the dungeon, and saw 1 of its levels.

You collected 28 gold pieces.


Innate Abilities, Weirdness & Mutations

One of your tentacles has grown a beastly spike.
You cannot wear most types of armour.
You are amphibious.
You can wear up to eight rings at the same time.
Your skin changes colour to match your surroundings (Stealth+).
Your rubbery body absorbs attacks. (AC +1, EV +1)
((You are camouflaged when in or above water. (Stealth+)))
You have tentacles for arms and can constrict up to eight enemies at once.


   Skills:
 + Level 1.3 Fighting
 + Level 2.2 Dodging
 + Level 1.2 Stealth
 * Level 3.3 Unarmed Combat
 - Level 2.0 Spellcasting
 - Level 2.0 Transmutations


You had 4 spell levels left.
You knew the following spells:

 Your Spells              Type           Power      Damage    Failure   Level
a - Beastly Appendage     Tmut           14%        N/A       10%         1

Your spell library contained the following spells:

 Spells                   Type           Power      Damage    Failure   Level
 Wereblood                Tmut           7%         N/A       14%         2
 Spider Form              Tmut/Pois      4%         N/A       41%         3
 Ice Form                 Ice/Tmut       4%         N/A       82%         4

Inventory:

Jewellery
 a - an amulet of magic regeneration (around mantle) {@e2}
   (You found it on level 1 of the Dungeon)
 b - a ring of poison resistance (left tentacle)
   (You found it on level 1 of the Dungeon)
Scrolls
 c - a scroll of enchant armour {unknown}

Dungeon Overview and Level Annotations

Branches:
Dungeon (1/15)

Altars:

####.......##......#
...#..##...##......#
..........)##......#
...........##.######
...........##.# ..
...........##.# .#
...####....##.# .# ####
#....##.####.# #....#
#†@S.# ##.### ##...##
##### #8...8# #...
##...## ####.# #...#
.....# ##$..## ##...#
#8(..8# ##...# ###
####...##
...#.####8###8##...##8##


You could see a ball python.


Message History

MASSIVE DAMAGE!! (PAUSE)
You completely miss the ball python. You grab the ball python.
Your tentacle spike misses the ball python.
You constrict the ball python. The bat barely misses you.
The ball python bites you. The ball python constricts you.
HP[-3]
You take 3 damage, and now have 11/18 hp.
You barely miss the ball python.
Your transformation is almost over.
You constrict the ball python. The bat closely misses you. x2
The ball python bites you.
* * * LOW HITPOINT WARNING * * *
The ball python constricts you.
* * * LOW HITPOINT WARNING * * *
You tentacle-slap the ball python but do no damage.
You constrict the ball python. The bat hits you but does no damage.
The ball python bites you.
* * * LOW HITPOINT WARNING * * *
The ball python constricts you.
* * * LOW HITPOINT WARNING * * *
You are too injured to fight recklessly!
You are too injured to fight recklessly!
You are too injured to fight recklessly!
You are too injured to fight recklessly!
HP[-7]
You take 7 damage, and now have 4/18 hp.
MASSIVE DAMAGE!! (PAUSE)
You are too injured to fight recklessly!
You are too injured to fight recklessly!
You are too injured to fight recklessly!
You are too injured to fight recklessly!
You are too injured to fight recklessly!
You are too injured to fight recklessly!
You are too injured to fight recklessly!
You are too injured to fight recklessly!
You are too injured to fight recklessly!
You are too injured to fight recklessly!
You are too injured to fight recklessly!
You are too injured to fight recklessly!
You are too injured to fight recklessly!
You are too injured to fight recklessly!
Unknown command.
You tentacle-slap the ball python.
You kill the ball python!
The bat completely misses you. The bat hits you.
* * * LOW HITPOINT WARNING * * *
The bat hits you but does no damage.
HP[-1]
You take 1 damage, and now have 3/18 hp.
You tentacle-slap the bat.
You kill the bat!
You see here a bat corpse.
Your tentacle spike disappears.
A ball python is nearby!
HP[+6]
You regained 6 hp, and now have 9/18 hp.
One of your tentacles grows a vicious spike.
The ball python hisses angrily.
MP[-1]
You lost 1 mp, and now have 4/5 mp.
The ball python misses you. The ball python grabs you.
The ball python constricts you.
* * * LOW HITPOINT WARNING * * *
HP[-1] MP[+1]
You take 1 damage, and now have 8/18 hp.
Your mp is fully restored (5).
You barely miss the ball python. Your grab misses the ball python.
Your tentacle spike misses the ball python.
You tentacle-slap the ball python, but do no damage.
The ball python bites you but does no damage.
The ball python constricts you.
* * * LOW HITPOINT WARNING * * *
You tentacle-slap the ball python. Your grab misses the ball python.
Your tentacle spike misses the ball python.
The ball python bites you.
* * * LOW HITPOINT WARNING * * *
The ball python constricts you.
* * * LOW HITPOINT WARNING * * *
You are too injured to fight recklessly!
You are too injured to fight recklessly!
HP[-5]
You take 5 damage, and now have 3/18 hp.
MASSIVE DAMAGE!! (PAUSE)
You are too injured to fight recklessly!
You are too injured to fight recklessly!
You are too injured to fight recklessly!
You are too injured to fight recklessly!
You are too injured to fight recklessly!
You are too injured to fight recklessly!
You are too injured to fight recklessly!
You are too injured to fight recklessly!
You are too injured to fight recklessly!
You are too injured to fight recklessly!
You tentacle-slap the ball python but do no damage.
You grab the ball python.
You constrict the ball python, but do no damage.
The ball python bites you.
* * * LOW HITPOINT WARNING * * *
The ball python constricts you.
You die...

Skill      XL: |  1  2 |
---------------+-------+-----
Stealth        | 1 |  1.2
Fighting       | |  1.3
Dodging        | |  2.2
Unarmed Combat | |  3.3
Spellcasting   | |  2.0
Transmutations | |  2.0

Action                   || total
-------------------------++-------
Melee: Unarmed           ||    30
       Kick              ||     5
       Constrict         ||     9
       Punch             ||     2
       Tentacles         ||     2
 Cast: Beastly Appendage ||    10
 Stab: Sleeping          ||     1
Armor: Skin              ||     5
Dodge: Dodged            ||    22

Levels and vault maps discovered:
D:1:      zelgadis_glass_arrival_small, layout_basic, serial_corexii_hall,
          chequers_hall_statues_wall_a, corexii_hall_statues_x

Notes
Turn   | Place    | Note
-------+----------+-------------------------------------------
     0 | D:1      | zeratav the Octopode Transmuter began the quest for the
                  | Orb.
     0 | D:1      | Reached XP level 1. HP: 13/13 MP: 3/3
     0 | D:1      | magus.rc [v1.9.6]
   120 | D:1      | Reached XP level 2. HP: 12/18 MP: 5/5
   127 | D:1      | Reached skill level 1 in Stealth
   406 | D:1      | HP: 4/18 [constriction (1)]
   515 | D:1      | HP: 4/18 [ball python (3)]
   516 | D:1      | HP: 1/18 [ball python (2)]
   516 | D:1      | Constricted to death by a ball python

Vanquished Creatures
  2 dart slugs (D:1)
  A giant cockroach (D:1)
  2 goblins (D:1)
  A hobgoblin (D:1)
  A quokka (D:1)
  2 ball pythons (D:1)
  2 bats (D:1)
  3 rats (D:1)
14 creatures vanquished.

Table legend:
 A = Non-vault XP
 B = Vault XP
 C = Vault XP percentage of total XP
 D = Non-vault monster count
 E = Vault monster count
 F = Vault count percentage of total count
                 A         B        C        D         E       F
            +---------+---------+-------+---------+---------+-------
      Total |      26 |       0 |   0.0 |      14 |       0 |   0.0
            +---------+---------+-------+---------+---------+-------
        D:1 |      26 |       0 |   0.0 |      14 |       0 |   0.0
            +---------+---------+-------+---------+---------+-------

Illustrated notes

Table legend:
 A = Kills in this place as a percentage of kills in entire the game.
 B = Kills by you in this place as a percentage of kills by you in the entire game.
 C = Kills by friends in this place as a percentage of kills by friends in the entire game.
 D = Other kills in this place as a percentage of other kills in the entire game.
 E = Experience gained in this place as a percentage of experience gained in the entire game.
 F = Experience gained in this place divided by the number of levels of this place that you have seen.
                   A       B       C       D       E      F
               +-------+-------+-------+-------+-------+----------------------
         Total | 100.0 | 100.0 |   N/A |   N/A | 100.0 |  26.0
       Dungeon | 100.0 | 100.0 |   N/A |   N/A | 100.0 |  26.0
               +-------+-------+-------+-------+-------+----------------------

Table legend: (Time is in decaauts)
 A = Elapsed time spent in this place.
 B = Non-inter-level travel time spent in this place.
 C = Inter-level travel time spent in this place.
 D = Time resting spent in this place.
 E = Time spent auto-exploring this place.
 F = Levels seen in this place.
 G = Mean time per level.
                   A        B        C        D        E       F      G
               +--------+--------+--------+--------+--------+-----+--------+
         Total |    513 |    513 |      0 |      0 |    426 |   1 |  513.0 |
       Dungeon |    513 |    513 |      0 |      0 |    426 |   1 |  513.0 |
               +--------+--------+--------+--------+--------+-----+--------+

Top non-repeatable levels by time:
     D:1: 513 daAuts
